cohdb
Replays
Latest Replays
All Replays
Popular Replays
Top Player Replays
Match Explorer
How It Works
Community
CoH3 Stats
Reddit
Sign in to upload your games and track your stats! →
Sign in with Steam
Match 45798892
Unlisted
Match 45798892
Overview
Messages
Build Orders
End
Kradschützen Motorcycle Team
Panzerpioneer Squad
Selects Armored Support Battlegroup
Selects Armored Support Battlegroup
Panzerpioneer Squad
250 Light Carrier
Construct Light Support Kompanie
Combat Half-tracks
Panzerjäger Squad
Assault Grenadier Squad
2.5-tonne Medical Truck
Assault Mechanized Group
Construct Mechanized Kompanie
254 Reconnaissance Tractor
Support Armor Elements
Selects Salvage Kits
Selects Superior Fire Drills
Pak 38 Anti-tank Gun Team
254 Reconnaissance Tractor
LilDick
Nico-Nico-Nii~~
0
0
Comments
sign in to comment!
No comments posted yet!